 Dungeon Crawl Stone Soup version 0.21-a0-528-gf531e82 (webtiles) character file.

16 Amnesiac the Shooter (level 2, -4/22 HPs)
             Began as a Mummy Hunter on Dec 8, 2017.
             Slain by a gnoll
             ... wielding a +0 halberd
              (13 damage)
             ... on level 1 of the Dungeon.
             The game lasted 00:00:52 (615 turns).

Amnesiac the Shooter (Mummy Hunter)                  Turns: 615, Time: 00:00:52

Health: -4/22      AC:  8    Str: 15    XL:     2   Next: 37%
Magic:  2/2        EV:  7    Int: 10    God:
Gold:   53         SH:  0    Dex: 12    Spells: 1/1 levels left

rFire    x . .     SeeInvis .   b - +0 short sword (freeze)
rCold    + . .     Gourm    .   (no shield)
rNeg     + + +     Faith    .   g - +0 chain mail
rPois    ∞         Spirit   .   (no helmet)
rElec    .         Reflect  .   (no cloak)
rCorr    .         Harm     .   (no gloves)
MR       .....                  (no boots)
Stlth    ..........             (no amulet)
HPRegen  0.07/turn              (no ring)
MPRegen  0.08/turn              (no ring)

@: no status effects
A: no food or potions, fire vulnerability, cold resistance 1, negative energy
resistance 3, torment resistance, unbreathing
a: no special abilities


You were on level 1 of the Dungeon.
You were not hungry.

You visited 1 branch of the dungeon, and saw 1 of its levels.

You collected 53 gold pieces.

Inventory:

Hand Weapons
 a - a +1 shortbow
 b - a +0 short sword of freezing (weapon)
Missiles
 d - 20 arrows
 e - 30 stones (quivered)
Armour
 g - a +0 chain mail (worn)
Scrolls
 c - a scroll of remove curse {!r, unknown}
 f - a scroll of noise {!r, unknown}
 h - 2 scrolls of identify {!r, unknown}


   Skills:
 + Level 2.0 Fighting
 * Level 3.3 Bows
 + Level 1.5 Armour
 + Level 1.6 Dodging
 - Level 0.7 Stealth


You had one spell level left.
You didn't know any spells.

Dungeon Overview and Level Annotations

Branches:
Dungeon (1/15)

Altars:


Innate Abilities, Weirdness & Mutations

You do not eat or drink.
Your flesh is vulnerable to fire.
You are immune to poison.
Your flesh is cold resistant. (rC+)
You are immune to negative energy. (rN+++)
You are immune to unholy pain and torment.
You can survive without breathing.


Message History

A hobgoblin is nearby!
You hit the hobgoblin. You freeze the hobgoblin.
You kill the hobgoblin!
Training target 1.5 for Armour reached!
You need to enable at least one skill for training.
Things that are here:
a club; a hobgoblin corpse No target in view!
You see here a fruit.
A kobold comes into view. It is wielding a short sword.
The kobold shouts!
You hear a shout!
A hobgoblin comes into view. It is wielding a club.
The hobgoblin shouts!
The kobold hits you but does no damage.
There are monsters nearby!
You closely miss the kobold. The kobold barely misses you.
There are monsters nearby!
You hit the kobold. You freeze the kobold.
You kill the kobold!
A hobgoblin is nearby!
A bat comes into view.
Things that are here:
a short sword; a kobold corpse
There are monsters nearby!
The hobgoblin hits you with a club.
Found 15 gold pieces.
There are monsters nearby!
You closely miss the hobgoblin. The bat hits you but does no damage.
The hobgoblin hits you but does no damage.
There are monsters nearby!
You hit the hobgoblin. You freeze the hobgoblin.
The hobgoblin is heavily wounded.
The bat hits you but does no damage. The hobgoblin hits you with a club.
There are monsters nearby!
You hit the hobgoblin. You freeze the hobgoblin.
You kill the hobgoblin!
The bat hits you but does no damage.
A bat is nearby!
You barely miss the bat. The bat hits you but does no damage.
A bat is nearby!
You hit the bat. You freeze the bat.
You kill the bat!
You now have 41 gold pieces (gained 15).
You now have 53 gold pieces (gained 12).
Things that are here:
a glowing mace; a club No target in view!
Things that are here:
a glowing mace; a club
Found a stone staircase leading down.
No target in view!
A gnoll comes into view. It is wielding a halberd.
The gnoll shouts!
A gnoll is nearby!
The gnoll hits you from afar with a halberd.
A gnoll is nearby!
The gnoll hits you with a halberd.
A gnoll is nearby!
You hit the gnoll but do no damage. The gnoll hits you with a halberd.
* * * LOW HITPOINT WARNING * * *
A gnoll is nearby!
You hit the gnoll but do no damage. The gnoll hits you with a halberd!
Ouch! That really hurt!
You die...

####....# #...## #
#...# #.##### #...#
#.#...# ##.#.# #.....
########....# #>...
.........#..#
#.#.#####.#######...##
#.#...@g..# ######.##
###.#.####### #....†.#
#. ...#.# #.####.# #.
###.#.## ## #.# #.
#......##.# #[#
#.###.##.#.#.# ### #.#
#.....#.##..###.. #.#
#..##.)#.....#.# #.#
#..#.#.##..##.#####
#.####


You could see a gnoll.

Vanquished Creatures
  3 goblins (D:1)
  4 hobgoblins (D:1)
  3 bats (D:1)
  2 kobolds (D:1)
  3 rats (D:1)
15 creatures vanquished.

Notes
Turn   | Place    | Note
-------+----------+-------------------------------------------
     0 | D:1      | Amnesiac the Mummy Hunter began the quest for the Orb.
     0 | D:1      | Reached XP level 1. HP: 16/16 MP: 1/1
   306 | D:1      | Reached skill level 1 in Armour
   365 | D:1      | Reached XP level 2. HP: 22/22 MP: 2/2
   615 | D:1      | Slain by a gnoll

Vault maps used:
D:1:      dpeg_arrival_chase, minmay_tromino_v7

Skill      XL: |  1 |
---------------+----+-----
Armour         | 1 |  1.5
Fighting       | |  2.0
Bows           | |  3.3
Dodging        | |  1.6
Stealth        | |  0.7

Action                   || total
-------------------------++-------
Melee: Short sword       ||    43
 Fire: Shortbow          ||     1
Armor: Chain mail        ||    27
Dodge: Dodged            ||    12

Table legend:
 A = Spawn XP
 B = Non-spawn XP
 C = Spawn XP percentage of total XP
 D = Spawn monster count
 E = Non-spawn monster count
 F = Spawn count percentage of total count
 G = Total turns spent on level
                    A         B        C        D         E        F      G
               +---------+---------+-------+---------+---------+-------+---------
         Total |       0 |      23 |   0.0 |       0 |      15 |   0.0 |   615
               +---------+---------+-------+---------+---------+-------+---------
           D:1 |       0 |      23 |   0.0 |       0 |      15 |   0.0 |   615
               +---------+---------+-------+---------+---------+-------+---------
